 Dungeon Crawl Stone Soup version 0.30-a0-4-ga7cffc901d (webtiles) character file.

Game seed: 16266032733890617230

85 slphil the Insei (level 4, 0/28 HPs)
             Began as an Octopode Transmuter on Aug 21, 2022.
             Succumbed to Robin's poison
             ... on level 3 of the Dungeon.
             The game lasted 00:03:50 (2758 turns).

slphil the Insei (Octopode Transmuter)              Turns: 2758, Time: 00:03:51

Health: 0/28       AC:  1    Str:  9    XL:     4   Next: 48%
Magic:  7/7        EV: 13    Int: 17    God:
Gold:   23         SH:  0    Dex: 12    Spells: 6/7 levels left

rFire   . . .      SeeInvis .      - Unarmed
rCold   . . .      Faith    .    (no shield)
rNeg    . . .      Spirit   .    (helmet restricted)
rPois   .          Reflect  .    (no amulet)
rElec   .          Harm     .    (no ring)
rCorr   .          Rampage  .    (no ring)
Will    .....                    (no ring)
Stlth   +++.......               (no ring)
HPRegen 0.09/turn                (no ring)
MPRegen 0.10/turn                (no ring)
                                 (no ring)
                                 (no ring)

@: lethally poisoned (0 -> -11)
A: almost no armour, amphibious, 8 rings, camouflage 1, gelatinous body 1,
(nimble swimmer 1), tentacles
a: no special abilities


You were on level 3 of the Dungeon.
You visited 1 branch of the dungeon, and saw 3 of its levels.

You collected 23 gold pieces.

Inventory:

Jewellery
 c - a ring of fire
Scrolls
 b - a scroll of magic mapping {unknown}
 d - a scroll of vulnerability {unknown}
 e - a scroll of teleportation {unknown}
 f - a scroll of enchant weapon {unknown}
Potions
 a - 3 potions of lignification


   Skills:
 + Level 1.4 Fighting
 - Level 2.0 Dodging
 - Level 2.8 Stealth
 + Level 4.4 Unarmed Combat
 - Level 2.0 Spellcasting
 - Level 2.0 Transmutations


You had 6 spell levels left.
You knew the following spells:

 Your Spells              Type           Power      Damage    Failure   Level
a - Beastly Appendage     Tmut           16%        N/A       9%          1

Your spell library contained the following spells:

 Spells                   Type           Power      Damage    Failure   Level
 Wereblood                Tmut           8%         N/A       13%         2
 Spider Form              Tmut/Pois      5%         N/A       36%         3
 Ice Form                 Ice/Tmut       5%         N/A       77%         4
 Cause Fear               Hex            0%         N/A       88%         4
 Dragon Form              Tmut           4%         N/A       100%        7
 Dragon's Call            Summ           0%         N/A       100%        9


Dungeon Overview and Level Annotations

Branches:
Dungeon (3/15)

Altars:
Kikubaaqudgha

Annotations:
D:3 Robin


Innate Abilities, Weirdness & Mutations

You cannot wear most types of armour.
You are amphibious.
You can wear up to eight rings at the same time.
Your skin changes colour to match your surroundings (Stealth+).
Your rubbery body absorbs attacks. (AC +1, EV +1)
((You are camouflaged when in or above water. (Stealth+)))
You have tentacles for arms and can constrict up to eight enemies at once.


Message History

Your tentacle spike misses the goblin.
Your squeeze misses the goblin.
Unknown command.
You closely miss the goblin. Your grab misses the goblin.
Your tentacle spike misses the goblin.
You squeeze the goblin.
You kill the goblin!
The hobgoblin hits you. Robin closely misses you.
You are too injured to fight recklessly!
You are too injured to fight recklessly!
Unknown command.
You tentacle-slap the hobgoblin but do no damage.
You grab the hobgoblin. You squeeze the hobgoblin.
The hobgoblin is severely wounded.
You constrict the hobgoblin, but do no damage.
The hobgoblin hits you. Robin closely misses you.
You tentacle-slap the hobgoblin but do no damage.
You pierce the hobgoblin.
You kill the hobgoblin!
Robin throws the goblin at you! The goblin attacks as you move away!
The goblin closely misses you.
A goblin comes into view. It is wielding a +0 club.
The goblin shouts!
A goblin comes into view. It is wielding a +0 club.
Robin completely misses you.
Items here: ))) ††.
You tentacle-slap the goblin. You grab the goblin.
You pierce the goblin.
You kill the goblin!
Robin closely misses you.
You tentacle-slap Robin. Your grab misses Robin.
You pierce Robin, but do no damage.
You squeeze Robin, but do no damage.
Robin is moderately wounded.
A goblin comes into view. It is wielding a +0 club.
Robin hits you with a +0 spear of venom.
* * * LOW HITPOINT WARNING * * *
You are lethally poisoned!
The goblin shouts!
You tentacle-slap Robin. You grab Robin.
You pierce Robin.
You squeeze Robin.
Robin is almost dead.
Your tentacle spike disappears.
You constrict Robin.
You die... .# #.# ..# g.# gg#

..# ########g.#
#....))@..#
###.###.######.##
..........####.#
###.###..†.....#
#.# #.#.######
#.# #.#.# #.#
#.#.# #.#
#.#.####
#.###......#


You could see Robin and 3 goblins.

Vanquished Creatures
  3 adders (D:2)
  A dart slug (D:2)
  6 ball pythons
  6 endoplasms
  3 giant cockroaches
  9 goblins
  3 hobgoblins
  2 quokkas
  6 bats
  3 frilled lizards (D:1)
  6 kobolds
  2 rats (D:2)
50 creatures vanquished.

Notes
Turn   | Place    | Note
-------+----------+-------------------------------------------
     0 | D:1      | slphil the Octopode Transmuter began the quest for the Orb.
     0 | D:1      | Reached XP level 1. HP: 13/13 MP: 3/3
   391 | D:1      | Reached skill level 1 in Stealth
   391 | D:1      | Reached XP level 2. HP: 17/18 MP: 5/5
   986 | D:1      | Reached XP level 3. HP: 19/23 MP: 6/6
  1388 | D:2      | Found an ancient bone altar of Kikubaaqudgha.
  1434 | D:2      | Reached skill level 4 in Unarmed Combat
  1684 | D:2      | Found a faded altar of an unknown god.
  1713 | D:2      | Reached XP level 4. HP: 6/28 MP: 7/7
  1717 | D:2      | HP: 1/28 [poisoned by an adder]
  2742 | D:3      | Noticed Robin
  2758 | D:3      | Succumbed to Robin's poison

Illustrated notes

Levels and vault maps discovered:
D:1:      dpeg_arrival_brainrot, layout_basic
D:2:      layout_loops_corners, basic_ecumenical_altar, basic_altar,
          grunt_decor_fettered
D:3:      layout_loops_ring, uniq_terence, uniq_grinder, uniq_jessica,
          uniq_robin

Skill      XL: |  1  2  3 |
---------------+----------+-----
Stealth        | 1 2 |  2.8
Unarmed Combat | 4 |  4.4
Fighting       | |  1.4
Dodging        | |  2.0
Spellcasting   | |  2.0
Transmutations | |  2.0

Action                   |  1- 3 |  4- 6 || total
-------------------------+-------+-------++-------
Melee: Unarmed           |    77 |    35 ||   112
       Constrict         |    13 |     9 ||    22
       Tentacles         |    11 |     7 ||    18
       Punch             |     4 |       ||     4
       Kick              |       |     7 ||     7
 Cast: Beastly Appendage |       |     4 ||     4
  Use: Potion            |       |     1 ||     1
 Stab: Sleeping          |    18 |     2 ||    20
Armor: Skin              |    10 |     4 ||    14
Dodge: Dodged            |    48 |    19 ||    67

Table legend: (Time is in decaauts)
 A = Elapsed time spent in this place.
 B = Non-inter-level travel time spent in this place.
 C = Inter-level travel time spent in this place.
 D = Time resting spent in this place.
 E = Time spent auto-exploring this place.
 F = Levels seen in this place.
 G = Mean time per level.
                   A        B        C        D        E       F      G
               +--------+--------+--------+--------+--------+-----+--------+
         Total |   2750 |   2667 |     83 |    295 |   2053 |   3 |  916.7 |
       Dungeon |   2750 |   2667 |     83 |    295 |   2053 |   3 |  916.7 |
               +--------+--------+--------+--------+--------+-----+--------+

Top non-repeatable levels by time:
     D:1: 1366 daAuts
     D:2: 1319 daAuts
     D:3: 64 daAuts
